 Dungeon Crawl Stone Soup version 0.28-a0-1555-g9ae15a6949 (webtiles) character file.

Game seed: 14861851168845881455

229 HallandMoats the Sneak (level 6, -1/52 HPs)
             Began as a Ghoul Brigand on Jan 18, 2022.
             Was an Initiate of Ashenzari.
             Slain by an orc wizard (4 damage)
             ... on level 4 of the Dungeon.
             The game lasted 00:04:13 (4501 turns).

HallandMoats the Sneak (Ghoul Brigand)              Turns: 4501, Time: 00:04:13

Health: -1/52      AC:  7    Str: 17    XL:     6   Next: 3%
Magic:  14/14      EV: 10    Int:  6    God:    Ashenzari [......]
Gold:   141        SH:  0    Dex: 10    Spells: 5/5 levels left

rFire   . . .      SeeInvis .   a - +2 dagger
rCold   + . .      Faith    .   (no shield)
rNeg    + + +      Spirit   .   n - +0 scale mail
rPois   ∞          Reflect  .   (no helmet)
rElec   .          Harm     .   c - +0 cloak of the Enlightened Gloom {Melee, Range} (curse)
rCorr   .          Rampage  .   (no gloves)
Will    .....                   (no boots)
Stlth   ..........              (no amulet)
HPRegen 0.00/turn               l - ring of magical power
MPRegen 0.14/turn               (no ring)

@: confused, mighty, inhibited regen
A: claws 1, cold resistance 1, negative energy resistance 3, inhibited
regeneration, torment resistance 2
a: Renounce Religion, Curse Item, Shatter the Chains


You were on level 4 of the Dungeon.
You worshipped Ashenzari.
Ashenzari was noncommittal.
You visited 1 branch of the dungeon, and saw 4 of its levels.

You collected 141 gold pieces.

Inventory:

Hand Weapons
 a - a +2 dagger (weapon)
Missiles
 d - 17 poisoned darts (quivered)
 e - 2 curare-tipped darts
Armour
 c - the cursed +0 cloak of the Enlightened Gloom (worn) {Melee, Range}

   It has a curse which improves the following skills: Melee Combat: Short
   Blades, Long Blades, Axes, Maces & Flails, Polearms, Staves and Unarmed
   Combat.
   Ranged Combat: Slings, Bows, Crossbows and Throwing.
 n - a +0 scale mail (worn)
 r - a +0 helmet
Jewellery
 f - the ring of the Hare {EV+8}
   (You found it on level 3 of the Dungeon)

   [ring of evasion]

   EV:        It affects your evasion (+8).
 l - a ring of magical power (left claw)
Scrolls
 g - a scroll of enchant armour {unknown}
 h - 2 scrolls of teleportation {unknown}
 j - 6 scrolls of identify {unknown}
 o - a scroll of enchant weapon {unknown}
 p - a scroll of immolation {unknown}
 q - a scroll of amnesia {unknown}
Potions
 b - a potion of haste {unknown}
 i - a potion of might
 k - a potion of mutation {unknown}
 m - 2 potions of curing {unknown}


   Skills:
 * Level 4.1 Fighting
 * Level 3.5(3.9) Short Blades
 - Level 1.7(2.1) Throwing
 + Level 1.7 Armour
 + Level 2.1 Dodging
 - Level 4.3 Stealth


You had 5 spell levels left.
You didn't know any spells.
Your spell library was empty.

Dungeon Overview and Level Annotations

Branches:
Dungeon (4/15)             Temple (0/1) D:4

Altars:
Ashenzari


Innate Abilities, Weirdness & Mutations

You thrive by killing the living.
You are immune to poison.
You have sharp fingernails.
Your flesh is cold resistant. (rC+)
You are immune to negative energy. (rN+++)
You do not regenerate when monsters are visible.
You are immune to unholy pain and torment.


Message History

The orc wizard is moderately wounded.
You hit the orc wizard.
The orc wizard is heavily wounded.
The orc wizard closely misses you.
You barely miss the orc wizard.
The orc wizard is heavily wounded.
The orc wizard misses you.
You miss the orc wizard.
The orc wizard is heavily wounded.
The orc wizard closely misses you.
You closely miss the orc wizard.
The orc wizard is heavily wounded.
The orc wizard misses you.
You hit the orc wizard but do no damage.
The orc wizard is heavily wounded.
You hit the orc wizard but do no damage.
The orc wizard is heavily wounded.
The orc wizard casts a spell at you. The magic dart hits you.
* * * LOW HITPOINT WARNING * * *
You barely miss the orc wizard.
The orc wizard is heavily wounded.
The orc wizard barely misses you.
You closely miss the orc wizard.
The orc wizard is heavily wounded.
The orc wizard hits you but does no damage.
You barely miss the orc wizard.
The orc wizard is heavily wounded.
The orc wizard closely misses you.
You closely miss the orc wizard.
The orc wizard is heavily wounded.
You hit the orc wizard but do no damage.
The orc wizard is heavily wounded.
The orc wizard points at you and mumbles some strange words.
You are confused.
Unknown command.
It was a potion of might.
You feel very mighty all of a sudden.
The orc wizard hits you with a +1 dagger of protection.
You die...

#.........#
#.........# #####
#.........######...#
#.............##...#
#..........##..#...#
#...................
##.......####..#.##.
##......# ##....#.
#@####.# ###..##
#####o####.# ###....#
#...ooo..#.. ......#..
#........######.##....
#........# #. ####.
#........# # ##
#........# #
#......... #
#........## ..


You could see an orc wizard and 3 orcs.

Vanquished Creatures
  A scorpion (D:4)
  A hound (D:4)
  Robin (D:4)
  5 adders
  2 worms (D:2)
  3 dart slugs
  4 orcs
  8 bats
  4 endoplasms
  12 goblins
  5 hobgoblins
  4 jackals (D:2)
  2 quokkas
  10 ball pythons
  4 frilled lizards
  5 kobolds
  3 rats
74 creatures vanquished.

Notes
Turn   | Place    | Note
-------+----------+-------------------------------------------
     0 | D:1      | HallandMoats the Ghoul Brigand began the quest for the Orb.
     0 | D:1      | Reached XP level 1. HP: 17/17 MP: 0/0
   124 | D:1      | Reached skill level 1 in Dodging
   195 | D:1      | Reached XP level 2. HP: 25/25 MP: 1/1
   540 | D:1      | Found a faded altar of an unknown god.
   545 | D:1      | Prayed at the altar of an unknown god.
   545 | D:1      | Became a worshipper of Ashenzari the Shackled
  1293 | D:2      | Reached XP level 3. HP: 27/30 MP: 2/2
  1565 | D:2      | Reached skill level 1 in Armour
  2114 | D:2      | Reached XP level 4. HP: 32/38 MP: 3/3
  3238 | D:3      | Found the ring of the Hare {EV+8}
  3500 | D:4      | Noticed a scorpion
  3537 | D:4      | Killed a scorpion
  3538 | D:4      | Reached XP level 5. HP: 18/46 MP: 4/4
  3923 | D:4      | Noticed Robin
  4380 | D:4      | Killed Robin
  4381 | D:4      | Reached XP level 6. HP: 52/52 MP: 5/5
  4404 | D:4      | Found a staircase to the Ecumenical Temple.
  4501 | D:4      | Slain by an orc wizard

Illustrated notes

Levels and vault maps discovered:
D:1:      minmay_arrival_up_and_down, layout_basic, serial_forest,
          infiniplex_forest_end_3, infiniplex_forest_end_2,
          infiniplex_forest_straight_4, infiniplex_forest_lined_corner,
          infiniplex_forest_clump_double, infiniplex_forest_end_2,
          infiniplex_forest_lined_1, hellmonk_ecumenical_altar_heavens_door
D:2:      layout_basic
D:3:      layout_basic
D:4:      layout_rooms, minmay_temple_entry_trees, grunt_ministairs_9,
          uniq_eustachio, uniq_robin

Skill      XL: |  1  2  3  4  5 |
---------------+----------------+-----
Dodging        | 1 2 |  2.1
Short Blades   | 2 3 |  3.5
Armour         | 1 |  1.7
Fighting       | 3 4 |  4.1
Throwing       | |  1.7
Stealth        | |  4.3

Action                   |  1- 3 |  4- 6 || total
-------------------------+-------+-------++-------
Melee: Dagger            |   142 |   237 ||   379
       Punch             |     2 |     2 ||     4
Throw: Dart              |       |     2 ||     2
Invok: Curse Item        |     1 |       ||     1
  Use: Potion            |       |     1 ||     1
 Stab: Sleeping          |     5 |     2 ||     7
Armor: Ring mail         |    61 |    18 ||    79
       Scale mail        |       |    95 ||    95
Dodge: Dodged            |    67 |   135 ||   202

Table legend: (Time is in decaauts)
 A = Elapsed time spent in this place.
 B = Non-inter-level travel time spent in this place.
 C = Inter-level travel time spent in this place.
 D = Time resting spent in this place.
 E = Time spent auto-exploring this place.
 F = Levels seen in this place.
 G = Mean time per level.
                   A        B        C        D        E       F      G
               +--------+--------+--------+--------+--------+-----+--------+
         Total |   4440 |   4225 |    215 |    193 |   3349 |   4 | 1110.0 |
       Dungeon |   4440 |   4225 |    215 |    193 |   3349 |   4 | 1110.0 |
               +--------+--------+--------+--------+--------+-----+--------+

Top non-repeatable levels by time:
     D:2: 1505 daAuts
     D:1: 1255 daAuts
     D:3: 1101 daAuts
     D:4: 577 daAuts
